 Dungeon Crawl Stone Soup version 0.28-a0-983-g1de4e0787c (webtiles) character file.

Game seed: 17557255509259137041

1695 Decritt the Fighter (level 9, -2/60 HPs)
             Began as a Gargoyle Fighter on Dec 3, 2021.
             Killed from afar by an oklob plant (12 damage)
             ... with a splash of acid
             ... on level 6 of the Dungeon.
             The game lasted 00:09:04 (6167 turns).

Decritt the Fighter (Gargoyle Fighter)              Turns: 6167, Time: 00:09:05

Health: -2/60      AC: 18    Str: 20    XL:     9   Next: 3%
Magic:  9/9        EV:  7    Int: 10    God:
Gold:   191        SH:  5    Dex: 14    Spells: 8/8 levels left

rFire   . . .      SeeInvis .   z - +4 mace "Qoophed" {vorpal, *Corrode Will+++ Str-3 Dex+5}
rCold   . . .      Faith    .   c - +0 buckler
rNeg    + . .      Spirit   .   g - +0 chain mail
rPois   ∞          Reflect  .   (no helmet)
rElec   +          Harm     .   (no cloak)
rCorr   .          Rampage  .   o - +0 pair of gloves
Will    ++++.                   (no boots)
Stlth   ..........              s - amulet of regeneration
HPRegen 1.00/turn               F - ring of willpower
MPRegen 0.11/turn               G - +4 ring of protection

@: corroded
A: sickness immunity, AC +6, negative energy resistance 1, electricity
resistance, torment resistance 1, petrification resistance
a: no special abilities


You were on level 6 of the Dungeon.
You visited 1 branch of the dungeon, and saw 6 of its levels.

You collected 191 gold pieces.

Inventory:

Hand Weapons
 a - a +0 flail
 y - a +0 flail of protection
 z - the +4 mace "Qoophed" (weapon) {vorpal, *Corrode Will+++ Str-3 Dex+5}
   (You found it on level 5 of the Dungeon)

   It inflicts extra damage upon your enemies.
   Str:       It affects your strength (-3).
   Dex:       It affects your dexterity (+5).
   *Corrode:  It may corrode you when you take damage.
   Will:      It greatly increases your willpower.
Missiles
 t - 7 poisoned darts
 B - a boomerang (quivered)
Armour
 b - a +0 scale mail
 c - a +0 buckler (worn)
 g - a +0 chain mail (worn)
 o - a +0 pair of gloves (worn)
Jewellery
 s - an amulet of regeneration (around neck)
 F - a ring of willpower (left hand)
 G - a +4 ring of protection (right hand)
Wands
 q - a wand of acid (4)
 r - a wand of paralysis (4)
 w - a wand of iceblast (7)
 x - a wand of digging (6)
Scrolls
 h - a scroll of holy word {unknown}
 j - 2 scrolls of teleportation {unknown}
 k - 4 scrolls of identify {unknown}
 l - a scroll of torment {unknown}
 n - a scroll of brand weapon {unknown}
 p - a scroll of enchant armour {unknown}
 v - 3 scrolls of vulnerability {unknown}
Potions
 d - a potion of might
 e - a potion of curing {unknown}
 f - 2 potions of ambrosia {unknown}
 i - 2 potions of flight {unknown}
 m - 2 potions of lignification {unknown}
 u - a potion of degeneration {unknown}
 A - a potion of experience {unknown}
 C - a potion of haste {unknown}
 D - a potion of heal wounds {unknown}
 E - a potion of magic {unknown}


   Skills:
 * Level 8.4 Fighting
 + Level 5.3 Maces & Flails
 + Level 6.4 Armour
 + Level 6.3 Shields


You had 8 spell levels left.
You didn't know any spells.
Your spell library contained the following spells:

 Spells                   Type           Power      Damage    Failure   Level
 Ozocubu's Armour         Ice            0%         N/A       100%        3
 Ozocubu's Refrigeration  Ice            0%         4d5       100%        7


Dungeon Overview and Level Annotations

Branches:
Dungeon (6/15)
 Temple: D:4-7

Altars:
Fedhas
Sif Muna

Annotations:
D:6 exclusion: oklob plant


Innate Abilities, Weirdness & Mutations

You are immune to sickness and miasma.
Your stone body is resilient. (AC +6)
You are immune to poison.
You resist negative energy. (rN+)
You are resistant to electric shocks. (rElec)
You are resistant to unholy torment.
You are immune to petrification.


Message History

You feel stronger. x2
Found a stone staircase leading up.
There is a stone staircase leading up here.
Partly explored, can't reach some places.
Really walk into a travel-excluded area?
You sock the fungus!
The fungus begins to die.
The fungus is lightly damaged.
You hit the fungus.
The fungus is lightly damaged.
You sock the fungus!
The fungus is lightly damaged.
You sock the fungus!
The fungus is moderately damaged.
A nearby fungus withers and dies.
The oklob plant spits acid at you. The splash of acid hits you!
You sock the oklob plant!
The oklob plant is lightly damaged.
You sock the oklob plant!
The oklob plant is moderately damaged.
You hit the oklob plant.
The oklob plant is heavily damaged.
The oklob plant spits acid at you. The splash of acid hits you!
* * * LOW HITPOINT WARNING * * *
You hit the oklob plant.
The oklob plant is heavily damaged.
You hit the oklob plant but do no damage.
The oklob plant is heavily damaged.
You hit the oklob plant.
The oklob plant is heavily damaged.
You hit the oklob plant.
The oklob plant is heavily damaged.
The oklob plant spits acid at you. The splash of acid hits you!!
* * * LOW HITPOINT WARNING * * *
The acid corrodes you! The oklob plant spits acid at you.
The splash of acid hits you!
You die...

PP.≈≈≈≈≈≈≈≈≈≈≈.#.#P#........#
##.≈≈≈≈...≈≈≈≈.PP#P#.......##
...≈≈≈≈._........PP#.......#
##.≈≈≈≈...≈≈≈≈.P##P#......##
#P.≈≈≈≈≈≈≈≈≈≈≈.P#..#......#
....≈≈≈≈≈≈≈≈≈..PPPP#)....##
.P...≈≈≈≈≈≈≈..PPPP##...###
PP#...≈≈≈≈≈......PP#####
#P##P.......#PPP@#P#
#PP#P#.PP.#P#PPP..P# #######
#.PP#.PP#PPPPPP..PP#####.....##
PPPP.#PPP#PPPPP..PP##.........#
PP#PP#P#PPPPPPPP#.P#..........#
####################..........#
........# #...............#
......### ##..............#
.....## #..............#


You could see an oklob plant.

Vanquished Creatures
  Sigmund (D:5)
  Edmund (D:5)
  A water moccasin (D:5)
  An ogre (D:5)
  2 black bears (D:6)
  A necrophage (D:6)
  A bullfrog (D:5)
  2 scorpions (D:5)
  A water moccasin skeleton (D:6)
  A jelly (D:5)
  A centaur zombie (D:6)
  2 orc priests (D:6)
  2 bullfrog skeletons
  2 hounds
  3 centaur skeletons
  Jessica (D:3)
  3 iguanas
  Ijyb (D:3)
  3 orc wizards
  A killer bee zombie (D:6)
  7 gnolls (D:6)
  3 adders
  A shadow imp (D:4)
  An ufetubus (D:5)
  A dart slug (D:1)
  A worm (D:3)
  9 orcs
  5 endoplasms
  4 giant cockroaches (D:1)
  6 goblins
  7 hobgoblins
  A quokka (D:1)
  7 ball pythons
  7 bats
  4 frilled lizards
  4 kobolds
  9 rats
108 creatures vanquished.

Vanquished Creatures (others)
  A fungus (D:6)
1 creature vanquished.

Grand Total: 109 creatures vanquished

Notes
Turn   | Place    | Note
-------+----------+-------------------------------------------
     0 | D:1      | Decritt the Gargoyle Fighter began the quest for the Orb.
     0 | D:1      | Reached XP level 1. HP: 14/14 MP: 1/1
    82 | D:1      | Found a faded altar of an unknown god.
   284 | D:1      | Reached XP level 2. HP: 18/19 MP: 2/2
   928 | D:1      | Reached XP level 3. HP: 24/24 MP: 3/3
  1750 | D:2      | Found a shimmering blue altar of Sif Muna.
  1783 | D:2      | Reached skill level 4 in Fighting
  2365 | D:3      | Reached XP level 4. HP: 24/29 MP: 4/4
  2571 | D:3      | Noticed Ijyb
  2578 | D:3      | Killed Ijyb
  3160 | D:3      | Noticed Jessica
  3164 | D:3      | Killed Jessica
  3165 | D:3      | Reached XP level 5. HP: 34/34 MP: 5/5
  3460 | D:4      | Noticed Sigmund
  3519 | D:4      | Reached skill level 5 in Fighting
  3647 | D:5      | Entered Level 5 of the Dungeon
  3782 | D:5      | Reached XP level 6. HP: 34/40 MP: 6/6
  3793 | D:5      | Killed Sigmund
  4065 | D:5      | Reached skill level 6 in Fighting
  4065 | D:5      | Reached XP level 7. HP: 46/46 MP: 7/7
  4100 | D:5      | Reached skill level 5 in Armour
  4157 | D:5      | Reached skill level 5 in Shields
  4416 | D:5      | Reached XP level 8. HP: 52/52 MP: 8/8
  4440 | D:5      | Noticed Edmund
  4453 | D:5      | Killed Edmund
  4454 | D:5      | Reached skill level 7 in Fighting
  4706 | D:5      | Identified the +4 mace "Qoophed" {vorpal, *Corrode Will+++
                  | Str-3 Dex+5}
  5074 | D:6      | Found a blossoming altar of Fedhas.
  5092 | D:6      | Noticed an oklob plant
  5487 | D:6      | Reached skill level 5 in Maces & Flails
  5722 | D:6      | Reached skill level 8 in Fighting
  5918 | D:6      | Reached XP level 9. HP: 51/60 MP: 9/9
  6167 | D:6      | Killed from afar by an oklob plant

Illustrated notes

Levels and vault maps discovered:
D:1:      dpeg_arrival_round_c, layout_basic, serial_curves, eino_curves_01,
          eino_curves_04, ebering_ecumenical_altar_ruins, minmay_pentomino_p2
D:2:      layout_loops_corners, basic_altar, uniq_natasha
D:3:      layout_basic, uniq_jessica, uniq_ijyb
D:4:      layout_cave_pools, minmay_temple_entry_trees, uniq_sigmund
D:5:      layout_basic, uniq_edmund
D:6:      layout_cave_pods, tgw_fedhas

Skill      XL: |  1  2  3  4  5  6  7  8 |
---------------+-------------------------+-----
Fighting       | 4 5 6 8 |  8.4
Armour         | 4 5 6 |  6.4
Shields        | 4 5 6 |  6.3
Maces & Flails | 3 4 5 |  5.3

Action                   |  1- 3 |  4- 6 |  7- 9 || total
-------------------------+-------+-------+-------++-------
Melee: Flail             |   169 |    85 |    67 ||   321
       Mace              |       |       |    99 ||    99
Throw: Dart              |       |    37 |    29 ||    66
       Boomerang         |       |       |    34 ||    34
Evoke: Wand              |       |     7 |       ||     7
Armor: Scale mail        |    26 |       |       ||    26
       Chain mail        |    73 |    53 |   163 ||   289
Dodge: Dodged            |    81 |    28 |    82 ||   191
Block: Buckler           |    37 |    13 |    62 ||   112

Table legend: (Time is in decaauts)
 A = Elapsed time spent in this place.
 B = Non-inter-level travel time spent in this place.
 C = Inter-level travel time spent in this place.
 D = Time resting spent in this place.
 E = Time spent auto-exploring this place.
 F = Levels seen in this place.
 G = Mean time per level.
                   A        B        C        D        E       F      G
               +--------+--------+--------+--------+--------+-----+--------+
         Total |   6273 |   6134 |    139 |    795 |   4091 |   6 | 1045.5 |
       Dungeon |   6273 |   6134 |    139 |    795 |   4091 |   6 | 1045.5 |
               +--------+--------+--------+--------+--------+-----+--------+

Top non-repeatable levels by time:
     D:5: 1385 daAuts
     D:1: 1267 daAuts
     D:6: 1174 daAuts
     D:3: 1144 daAuts
     D:2: 1025 daAuts
     D:4: 277 daAuts
